 Dungeon Crawl Stone Soup version 0.27.1-33-g824d729ab1 (webtiles) character file.

Game seed: 8126694088859358027

147 Nixze the Stinger (level 5, -3/35 HPs)
             Began as a Merfolk Venom Mage on Dec 17, 2021.
             Shot with an arrow by a centaur (6 damage)
             ... on level 3 of the Dungeon.
             The game lasted 00:06:14 (3060 turns).

Nixze the Stinger (Merfolk Venom Mage)              Turns: 3060, Time: 00:06:15

Health: -3/35      AC:  3    Str:  8    XL:     5   Next: 29%
Magic:  10/10      EV: 16    Int: 16    God:
Gold:   140        SH:  0    Dex: 14    Spells: 7/10 levels left

rFire    . . .     SeeInvis .   f - +2 short sword (flame)
rCold    . . .     Faith    .   (no shield)
rNeg     . . .     Spirit   .   k - +0 leather armour
rPois    .         Reflect  .   (no helmet)
rElec    .         Harm     .   (no cloak)
rCorr    .         Rampage  .   (no gloves)
Will     .....                  (no boots)
Stlth    ++........             (no amulet)
HPRegen  0.11/turn              g - +4 ring of evasion
MPRegen  0.12/turn              (no ring)

@: no status effects
A: (nimble swimmer 2), mertail
a: no special abilities


You were on level 3 of the Dungeon.
You visited 1 branch of the dungeon, and saw 3 of its levels.

You collected 140 gold pieces.

Inventory:

Hand Weapons
 f - a +2 short sword of flaming (weapon)
 m - a +0 halberd
Missiles
 a - a throwing net
 b - 108 stones (quivered)
 o - 4 boomerangs
Armour
 k - a +0 leather armour (worn)
 p - a +0 tower shield
Jewellery
 g - a +4 ring of evasion (left hand)
Wands
 j - a wand of iceblast (5)
Scrolls
 c - 2 scrolls of blinking {unknown}
 d - a scroll of enchant armour {unknown}
 e - 2 scrolls of noise {unknown}
 n - 2 scrolls of fog {unknown}
Potions
 h - a potion of curing {unknown}
 i - a potion of lignification {unknown}
 l - a potion of heal wounds {unknown}


   Skills:
 - Level 2.6 Dodging
 - Level 3.0 Stealth
 + Level 3.4 Spellcasting
 - Level 1.3 Transmutations
 - Level 2.0 Air Magic
 - Level 4.0 Poison Magic


You had 7 spell levels left.
You knew the following spells:

 Your Spells              Type           Power      Damage    Failure   Level
a - Sting                 Tmut/Pois      44%        1d5       9%          1
b - Poisonous Vapours     Pois/Air       24%        N/A       12%         2

Your spell library contained the following spells:

 Spells                   Type           Power      Damage    Failure   Level
 Mephitic Cloud           Conj/Pois/Air  9%         N/A       34%         3
 Olgreb's Toxic Radiance  Pois           15%        N/A       45%         4


Dungeon Overview and Level Annotations

Branches:
Dungeon (3/15)

Altars:
Yredelemnul


Innate Abilities, Weirdness & Mutations

((You are quick and stealthy near water. (Stealth+, EV+, Speed+++)))
Your lower body shifts to a powerful aquatic tail in water.


Message History

You kill the ball python!
n - 2 scrolls labelled ZENUQE OHIT (gained 1)
A hobgoblin comes into view.
Found a ring mail.
You see here 14 gold pieces.
You now have 128 gold pieces (gained 14).
Casting: Sting (safe; 9% risk of failure)
Confirm with . or Enter, or press ? or * to list all spells.
Aiming: Sting (safe; 9% risk of failure)
Press: ? - help, Shift-Dir - straight line, f - hobgoblin
Aim: a hobgoblin (wandering, hasn't noticed you, 71% to hit)
The sting hits the hobgoblin.
The hobgoblin is poisoned.
The hobgoblin is moderately wounded.
The hobgoblin shouts!
Casting: Sting (safe; 9% risk of failure)
Confirm with . or Enter, or press ? or * to list all spells.
You don't have enough magic to cast this spell.
You barely miss the hobgoblin.
The hobgoblin is moderately wounded.
The hobgoblin closely misses you.
You hit the hobgoblin. You burn the hobgoblin.
You kill the hobgoblin!
e - 2 scrolls labelled ACIDYMA XUCA (gained 1)
You now have 140 gold pieces (gained 12).
You see here a hobgoblin corpse.
You start resting.
A centaur is nearby!
The centaur shouts!
The centaur shoots an arrow.
The arrow hits you.
The centaur shoots an arrow.
The arrow misses you.
The centaur shoots an arrow.
The arrow misses you.
The centaur shoots an arrow.
The arrow hits you!
The centaur shoots an arrow.
The arrow misses you.
The centaur shoots an arrow.
The arrow misses you.
The centaur shoots an arrow.
The arrow closely misses you.
The centaur shoots an arrow.
The arrow hits you!
The centaur shoots an arrow.
The arrow hits you!
* * * LOW HITPOINT WARNING * * *
The centaur shoots an arrow.
The arrow hits you.
You die...

######## ##......#
........#########################
........##.c....@............##.#
........##.#########.......#.#...
........##.#.. .# .......<#.##.#
........##.#.# #.# #.......#....#
...##...##.#.#.... ...###########
.........c........ ..
...#c#####.#.#..## # ...#.#
#.#... .. ...#.#
#.#.####################


You could see a centaur.

Vanquished Creatures
  An orc wizard (D:3)
  3 adders (D:2)
  3 gnolls (D:2)
  A dart slug (D:1)
  3 orcs (D:3)
  6 bats
  8 endoplasms
  2 giant cockroaches (D:1)
  2 goblins
  5 hobgoblins
  5 jackals (D:1)
  2 kobolds (D:1)
  3 quokkas
  5 ball pythons
  2 frilled lizards (D:2)
  5 rats
56 creatures vanquished.

Notes
Turn   | Place    | Note
-------+----------+-------------------------------------------
     0 | D:1      | Nixze the Merfolk Venom Mage began the quest for the Orb.
     0 | D:1      | Reached XP level 1. HP: 13/13 MP: 3/3
   316 | D:1      | Found a faded altar of an unknown god.
   332 | D:1      | Reached XP level 2. HP: 19/19 MP: 0/5
   429 | D:1      | Reached skill level 4 in Poison Magic
   754 | D:1      | Learned a level 2 spell: Poisonous Vapours
   925 | D:1      | Reached XP level 3. HP: 22/24 MP: 0/6
  1173 | D:1      | Reached skill level 1 in Air Magic
  1698 | D:2      | Reached XP level 4. HP: 30/30 MP: 0/7
  1784 | D:2      | Found a basalt altar of Yredelemnul.
  2506 | D:3      | Noticed a centaur
  2932 | D:3      | Reached XP level 5. HP: 35/35 MP: 1/10
  3060 | D:3      | Shot with an arrow by a centaur

Illustrated notes

Levels and vault maps discovered:
D:1:      dpeg_arrival_brainrot, layout_basic,
          shapermc_ecumenical_altar_starsandcircs
D:2:      layout_basic, basic_altar, st_stairs_14
D:3:      layout_basic, uniq_terence, uniq_ijyb

Skill      XL: |  1  2  3  4 |
---------------+-------------+-----
Poison Magic   | 4 |  4.0
Stealth        | 3 |  3.0
Air Magic      | 2 |  2.0
Spellcasting   | 3 |  3.4
Dodging        | |  2.6
Transmutations | |  1.3

Action                   |  1- 3 |  4- 6 || total
-------------------------+-------+-------++-------
Melee: Unarmed           |     2 |       ||     2
       Short sword       |    23 |    12 ||    35
       Mace              |     1 |       ||     1
Throw: Stone             |    56 |    12 ||    68
 Cast: Sting             |    62 |    21 ||    83
       Poisonous Vapours |     5 |    16 ||    21
Armor: Robe              |     9 |       ||     9
       Leather armour    |     1 |     2 ||     3
Dodge: Dodged            |    31 |    23 ||    54
